 Dungeon Crawl Stone Soup version 0.19-a0-1456-gc747e27 (webtiles) character file.

10539 TheGoonsmith the Destroyer (level 11, -3/86 HPs)
             Began as a Grey Draconian Conjurer on Sept 6, 2016.
             Was an Elder of Sif Muna.
             Slain by a minotaur (25 damage)
             ... in a labyrinth.
             The game lasted 00:31:32 (11952 turns).

TheGoonsmith the Destroyer (DrCj)                  Turns: 11952, Time: 00:31:33

Health: -3/86      AC: 20    Str: 10    XL:     11   Next: 37%
Magic:  21/32      EV: 15    Int: 19    God:    Sif Muna [****..]
Gold:   365        SH:  0    Dex: 12    Spells: 5 memorised, 8 levels left

rFire  . . .     SeeInvis .     k - +0 quarterstaff (protect)
rCold  . . .     Gourm    .     (armour unavailable)
rNeg   . . .     Faith    .     (shield currently unavailable)
rPois  .         Spirit   .     (helmet restricted)
rElec  .         Dismiss  .     N - +1 cloak (curse)
rCorr  .         Reflect  .     w - +0 pair of gloves
MR     .....     Harm     .     (no boots)
Stlth  ++........               (no amulet)
                                z - ring of wizardry
                                t - ring of magical power

@: divine energy
A: walk through water, unfitting armour, unbreathing, cold-blooded, AC +12
a: Stop Divine Energy, Channel Magic, Forget Spell, Renounce Religion


You were in a labyrinth.
You worshipped Sif Muna.
Sif Muna was greatly pleased with you.
You were near starving.

You visited 2 branches of the dungeon, and saw 12 of its levels.
You also visited: Labyrinth.

You collected 545 gold pieces.
You spent 180 gold pieces at shops.

Inventory:

Hand Weapons
 c - a +0 club
 k - a +0 quarterstaff of protection (weapon)
 s - a +3 short sword of electrocution
Armour
 w - a +0 pair of gloves (worn)
 N - a cursed +1 cloak (worn)
 R - a +0 shield
Jewellery
 t - a ring of magical power (left hand)
 z - a ring of wizardry (right hand)
 B - an uncursed ring of ice
 P - an uncursed ring of magical power
Wands
 l - a wand of enslavement (12/24)
 m - a wand of acid (10/15)
 x - a wand of flame (42/48)
 F - a wand of lightning (11/15)
 J - a wand of iceblast (5/15)
 K - a wand of flame (31/48)
 M - a wand of paralysis (3/24)
Scrolls
 j - 2 scrolls of enchant weapon
 p - a scroll of fear
 r - a scroll of identify
 v - 5 scrolls of remove curse
 H - a scroll of magic mapping
 I - a scroll of blinking
Potions
 e - 2 potions of brilliance
 f - 2 potions of lignification
 g - 2 potions of might
 h - a potion of invisibility
 o - 2 potions of haste
 u - 2 potions of curing
 C - 2 potions of cancellation
 D - a potion of mutation
 L - a potion of magic
 Q - a potion of flight
Books
 a - a book of Conjurations

   Spells                             Type                      Level
   a - Magic Dart                     Conjuration                  1
   b - Searing Ray                    Conjuration                  2
   c - Dazzling Spray                 Conjuration/Hexes            3
   d - Fulminant Prism                Conjuration/Hexes            4
   e - Iskenderun's Mystic Blast      Conjuration                  4
   f - Iskenderun's Battlesphere      Conjuration/Charms           5
 i - a book of Unlife

   Spells                             Type                      Level
   a - Recall                         Summoning/Translocation      3
   b - Animate Dead                   Necromancy                   4
   c - Control Undead                 Necromancy                   4
   d - Cigotuvi's Embrace             Necromancy                   5
   e - Death Channel                  Necromancy                   6
   f - Simulacrum                     Ice/Necromancy               6
 y - a book of Transfigurations

   Spells                             Type                      Level
   a - Irradiate                      Conjuration/Transmutation    5
   b - Statue Form                    Transmutation/Earth          6
   c - Hydra Form                     Transmutation                6
   d - Dragon Form                    Transmutation                7
 G - a book of Ice

   Spells                             Type                      Level
   a - Ice Form                       Ice/Transmutation            4
   b - Metabolic Englaciation         Hexes/Ice                    5
   c - Ozocubu's Refrigeration        Ice                          6
   d - Bolt of Cold                   Conjuration/Ice              6
   e - Freezing Cloud                 Conjuration/Ice/Air          6
   f - Simulacrum                     Ice/Necromancy               6
Miscellaneous
 n - a lamp of fire
Comestibles
 b - 7 bread rations
 d - a beef jerky
 q - 6 slices of pizza
 A - 2 meat rations


   Skills:
 - Level 5.0 Fighting
 - Level 5.7 Dodging
 - Level 1.7 Stealth
 + Level 8.4 Spellcasting
 + Level 11.1 Conjurations
 - Level 4.0 Hexes
 - Level 5.0 Charms
 + Level 3.4 Ice Magic
 + Level 2.7 Air Magic


You had 8 spell levels left.
You knew the following spells:

 Your Spells              Type           Power        Failure   Level  Hunger
a - Magic Dart            Conj           ####         1%          1    None
b - Searing Ray           Conj           ######       1%          2    None
c - Fulminant Prism       Conj/Hex       #####.....   1%          4    ###....
d - Freezing Cloud        Conj/Ice/Air   ####......   73%         6    ######.
z - Iskenderun's Battles  Conj/Chrm      #####...     4%          5    #####..


Dungeon Overview and Level Annotations

Branches:
Dungeon (11/15)            Temple (1/1) D:4
   Lair: D:8-11         Orc: D:9-12

Altars:
Ashenzari
Cheibriados
Dithmenos
Elyvilon
Fedhas
Gozag
Hepliaklqana
Kikubaaqudgha
Makhleb
Nemelex Xobeh
Okawaru
Qazlal
Ru
Sif Muna
Uskayaw
Vehumet
Xom
Yredelemnul
Zin
The Shining One

Shops:
D:4 =?(:   D:7 ((*}[   D:8 !

Annotations:
D:5 1 exclusion
D:11 Ryco's ghost, novice MiBe


Innate Abilities, Weirdness & Mutations

You can walk through water.
Your dull iron-grey scales are very hard. (AC +12)
Your body does not fit into most forms of armour.
You can survive without breathing.
You are cold-blooded and may be slowed by cold attacks.


Message History

The minotaur is severely wounded.
The minotaur misses you. x2
The searing ray hits the minotaur.
The minotaur is severely wounded.
You finish channeling your searing ray.
The minotaur barely misses you.
The minotaur gores you but does no damage.
Casting: Searing Ray
Confirm with . or Enter, or press ? or * to list all spells.
Aiming: Fulminant Prism
Press: ? - help, Dir - move target cursor, p - minotaur You conjure a prism of explosive energy!
The minotaur hits you!
* * * LOW HITPOINT WARNING * * *
The minotaur misses you.
Your fulminant prism crackles loudly.
Your fulminant prism explodes!
The blast of energy engulfs the minotaur.
The minotaur is almost dead.
The minotaur hits you!!
You die...

#.. #.# #.#
## #
#........
#.#####.# #
#.# .# .# # #
#.###.
#...#.#*.<
###.#####.#.#
#.....@H....#
#############


You could see a minotaur.

Vanquished Creatures
  The ghost of RonnieColeman the Thaumaturge, a novice OpCj of Vehumet (D:10)
  3 hill giants (D:10)
  Pikel (D:8)
  An ugly thing (D:9)
  Psyche (D:8)
  A troll (D:10)
  A minotaur skeleton (Lab)
  A redback (Lab)
  3 shadows
  3 yaks (D:9)
  2 basilisks (Lab)
  Grum (D:8)
  A hungry ghost (Lab)
  Menkaure (D:5)
  A water moccasin (D:9)
  2 black bears
  5 orc warriors
  3 sky beasts
  4 slaves (D:8)
  4 ice beasts
  An eye of draining (D:4)
  A wasp (D:10)
  3 phantoms
  5 centaurs
  4 wolves (D:8)
  2 ogres
  A big kobold (D:7)
  2 giant frogs
  A wyvern skeleton (D:10)
  2 scorpions
  A water moccasin skeleton (D:11)
  2 howler monkeys
  6 crimson imps
  A giant frog zombie (D:9)
  3 jellies
  A centaur zombie (D:7)
  6 hounds
  6 orc priests
  15 orc wizards
  4 centaur skeletons
  2 iguanas (D:8)
  5 worker ants
  A hound skeleton (D:9)
  3 worker ant zombies
  4 gnolls
  13 adders
  4 shadow imps
  2 oozes (D:5)
  An adder skeleton (D:7)
  A worm (D:9)
  3 giant geckos
  29 orcs
  5 giant cockroaches
  4 goblins
  8 hobgoblins
  6 jackals
  4 quokkas
  2 ball pythons
  8 bats
  6 giant newts
  A jackal skeleton (D:5)
  A jackal zombie (D:6)
  14 kobolds
  2 quokka skeletons
  5 rats
241 creatures vanquished.

Vanquished Creatures (others)
  19 fulminant prisms
19 creatures vanquished.

Grand Total: 260 creatures vanquished

Notes
Turn   | Place    | Note
-------+----------+-------------------------------------------
     0 | D:1      | TheGoonsmith the Draconian Conjurer began the quest for the Orb.
     0 | D:1      | Reached XP level 1. HP: 14/14 MP: 3/3
   486 | D:1      | Reached XP level 2. HP: 17/20 MP: 3/5
   788 | D:1      | Learned a level 2 spell: Searing Ray
  1307 | D:2      | Found a sacrificial altar of Ru.
  1310 | D:2      | Reached XP level 3. HP: 26/26 MP: 1/6
  1423 | D:1      | Reached skill level 5 in Conjurations
  2026 | D:3      | Reached XP level 4. HP: 33/33 MP: 1/7
  2554 | D:3      | Reached XP level 5. HP: 28/38 MP: 0/9
  2883 | D:3      | Found a snail-covered altar of Cheibriados.
  3019 | D:4      | Learned a level 4 spell: Fulminant Prism
  3136 | D:4      | Found Kumen's Jewellery Emporium.
  3159 | D:4      | Reached skill level 6 in Conjurations
  3285 | D:4      | Reached skill level 1 in Hexes
  3377 | D:4      | Found Naukhlooj's Magic Scroll Boutique.
  3456 | D:4      | Bought a scroll of identify for 20 gold pieces
  3456 | D:4      | Bought a scroll of identify for 20 gold pieces
  3588 | D:4      | Found a staircase to the Ecumenical Temple.
  3593 | Temple   | Entered the Ecumenical Temple
  3604 | D:4      | Found Xahi's Book Shoppe.
  3662 | D:4      | Found Dexumok's Weapon Boutique.
  3676 | D:4      | Reached XP level 6. HP: 45/45 MP: 11/11
  4196 | D:5      | Entered Level 5 of the Dungeon
  4366 | D:5      | Noticed a moth of wrath
  4368 | D:5      | Noticed Menkaure
  4387 | D:5      | Killed Menkaure
  4387 | D:5      | Your scales start taking on a dull iron-grey colour.
  4387 | D:5      | Reached XP level 7. HP: 50/50 MP: 13/13
  4387 | D:5      | Gained mutation: You can survive without breathing. [Grey Draconian growth]
  4592 | D:5      | Reached skill level 7 in Conjurations
  5132 | D:6      | Found a basalt altar of Yredelemnul.
  5137 | D:6      | Reached XP level 8. HP: 57/57 MP: 15/15
  5161 | D:6      | Reached skill level 5 in Spellcasting
  5161 | D:6      | Reached skill level 8 in Conjurations
  5798 | D:6      | Found a deep blue altar of Sif Muna.
  5801 | D:6      | Became a worshipper of Sif Muna the Loreminder
  5891 | D:7      | Got a clouded platinum amulet
  5962 | D:7      | Found Reromaiwk's Weapon Emporium.
  6001 | D:6      | Reached skill level 9 in Conjurations
  6126 | D:6      | Learned a level 5 spell: Iskenderun's Battlesphere
  6161 | D:7      | Reached * piety under Sif Muna
  6196 | D:7      | Reached skill level 1 in Charms
  6318 | D:7      | Found Voerhaomp's General Store.
  6346 | D:7      | Bought a scroll of magic mapping for 56 gold pieces
  6397 | D:7      | Found a glowing golden altar of the Shining One.
  6438 | D:7      | Found a radiant altar of Vehumet.
  6460 | D:7      | Found a sparkling altar of Nemelex Xobeh.
  6482 | D:7      | Found Suha's Antique Armour Shop.
  6502 | D:7      | Found Wyekiur's Gadget Boutique.
  6581 | D:7      | Found Hehoz's Antique Weapon Boutique.
  6749 | D:7      | Found a glowing silver altar of Zin.
  6803 | D:8      | Reached XP level 9. HP: 62/62 MP: 4/18
  7012 | D:7      | Learned a level 6 spell: Freezing Cloud
  7138 | D:8      | Reached ** piety under Sif Muna
  7431 | D:8      | Found a deep blue altar of Sif Muna.
  7505 | D:8      | Noticed Psyche
  7513 | D:8      | Killed Psyche
  7513 | D:8      | Reached skill level 10 in Conjurations
  7542 | D:8      | Found Vuqiuts's Distillery.
  7550 | D:8      | Bought a potion of might for 48 gold pieces
  7550 | D:8      | Bought a potion of curing for 36 gold pieces
  7567 | D:8      | Found a sparkling altar of Nemelex Xobeh.
  7621 | D:8      | Noticed Grum
  7627 | D:8      | Reached *** piety under Sif Muna
  8138 | D:8      | Noticed Pikel
  8141 | D:8      | Killed Grum
  8152 | D:8      | Killed Pikel
  8152 | D:8      | Reached skill level 5 in Charms
  8152 | D:8      | Reached XP level 10. HP: 44/69 MP: 0/21
  8307 | D:9      | Identified the amulet "Naomoas" {Inacc rPois Stlth+} (You found it on level 7 of the Dungeon)
  8427 | D:9      | Noticed a purple ugly thing
  8432 | D:9      | Killed a purple ugly thing
  8732 | D:9      | Reached skill level 5 in Dodging
  9226 | D:9      | Reached skill level 1 in Fighting
  9277 | D:9      | Found a snail-covered altar of Cheibriados.
  9381 | D:10     | Entered Level 10 of the Dungeon
  9389 | D:10     | Noticed RonnieColeman's ghost (novice OpCj)
  9512 | D:10     | Noticed a hill giant
  9520 | D:10     | Killed a hill giant
  9677 | D:10     | Reached skill level 5 in Fighting
  9776 | D:10     | Noticed a hill giant
  9782 | D:10     | Killed a hill giant
  9782 | D:10     | Reached skill level 1 in Ice Magic
  9782 | D:10     | Reached skill level 1 in Air Magic
  9792 | D:10     | Reached **** piety under Sif Muna
  9798 | D:10     | Reached XP level 11. HP: 69/86 MP: 5/22
 10124 | D:10     | Killed RonnieColeman's ghost
 10130 | D:10     | Noticed a hill giant
 10154 | D:9      | HP: 3/86 [something (8)]
 10162 | D:9      | HP: 4/86 [something (10)]
 10713 | D:10     | Killed a hill giant
 10841 | D:11     | Found a labyrinth entrance.
 10844 | D:11     | Noticed Ryco's ghost (novice MiBe)
 10853 | Lab      | Entered a labyrinth
 10918 | Lab      | Reached skill level 11 in Conjurations
 11942 | Lab      | Noticed a minotaur
 11952 | Lab      | Slain by a minotaur

Vault maps used:
D:1:      minmay_arrival_up_and_down, eino_curves_03
D:2:      overflow_temple_1_default, first_bread, minmay_door_square
D:3:      old_standard_altar
D:4:      serial_shops, shop, kennysheep_mini_moat, shop_scrolls, shop
D:5:      tgw_trog, uniq_menkaure
D:6:      lemuel_crystal_altar, lemuel_blue_sif_altar
D:7:      lemuel_round_altar, zin_scriptorium, tso_metal_star, serial_shops,
          shop, shop, nicolae_shop_temple_entry_statues_fountains,
          kennysheep_little_box, shop, nemelex_lonely_heart_becter
D:8:      kennysheep_orc_sif_temple, nemelex_xobeh_ov_fountains_minmay,
          serial_shops, nicolae_shop_competitors_out_of_business, uniq_pikel,
          uniq_psyche, uniq_grum
D:9:      grunt_pizzeria, cheibrodos_worm_habitat
D:10:     kennysheep_generic_room_2
D:11:     dpeg_lair_monsters, orc_0_dummy, lab_entry_generic,
          eino_small_chamber_without_monster
Temple:   nicolae_temple_no_exploring_needed
Lab:      nicolae_lab_grate, nicolae_lab_statue, nicolae_lab_plus,
          nicolae_lab_starburst, nicolae_lab_do_over, nicolae_lab_blocks,
          nicolae_lab_grate_2, nicolae_lab_stuck

Skill      XL: |  1  2  3  4  5  6  7  8  9 10 11 |
---------------+----------------------------------+-----
Conjurations   | 5 6 7 9 10 11 | 11.1
Spellcasting   | 3 4 6 7 8 |  8.4
Hexes          | 1 2 3 4 |  4.0
Charms         | 1 5 |  5.0
Dodging        | 5 |  5.7
Fighting       | 5 |  5.0
Ice Magic      | 1 3 |  3.4
Air Magic      | 1 2 |  2.7
Stealth        | |  1.7

Action                   |  1- 3 |  4- 6 |  7- 9 | 10-12 || total
-------------------------+-------+-------+-------+-------++-------
Melee: Club              |    15 |       |       |       ||    15
       Tailslap          |     2 |     3 |    13 |    11 ||    29
       Unarmed           |     1 |       |       |       ||     1
       Short sword       |       |    19 |     7 |       ||    26
       Quarterstaff      |       |    12 |    80 |    89 ||   181
 Cast: Magic Dart        |    77 |   102 |   243 |   178 ||   600
       Searing Ray       |       |    10 |    29 |    19 ||    58
       Fulminant Prism   |       |     1 |     8 |    10 ||    19
       Iskenderun's Batt |       |       |     1 |    21 ||    22
Invok: Divine Energy     |       |       |     1 |       ||     1
  Use: Scroll            |       |    11 |       |    12 ||    23
       Potion            |       |       |       |     4 ||     4
  Eat: Chunk             |     5 |     7 |     7 |     6 ||    25
       Bread ration      |       |       |     1 |     1 ||     2
       Beef jerky        |       |       |     1 |     2 ||     3
       Pizza             |       |       |       |     2 ||     2
       Royal jelly       |       |       |       |     1 ||     1
Armor: Skin              |     9 |    15 |   114 |   116 ||   254
Dodge: Dodged            |    25 |    29 |   122 |   143 ||   319
